 Dungeon Crawl Stone Soup version 0.19-a0-749-g66ae36b (webtiles) character file.

137 Implojin the Ruffian (level 5, -5/50 HPs)
             Began as a Troll Fighter on June 24, 2016.
             Slain by a water moccasin (8 damage)
             ... on level 5 of the Dungeon.
             The game lasted 00:02:45 (522 turns).

Implojin the Ruffian (Troll Fighter)                 Turns: 522, Time: 00:02:45

Health: -5/50      AC:  5    Str: 24    XL:     5   Next: 0%
Magic:  4/4        EV:  8    Int:  4    God:
Gold:   103        SH:  8    Dex: 10    Spells: 0 memorised, 4 levels left

rFire  . . .     SeeInvis .       - Unarmed
rCold  . . .     Gourm    +     a - +0 robe
rNeg   . . .     Faith    .     b - +0 shield
rPois  .         Spirit   .     (helmet restricted)
rElec  .         Dismiss  .     (no cloak)
rCorr  .         Reflect  .     (gloves unavailable)
SustAt .         Harm     +     (boots unavailable)
MR     .....                    i - amulet of harm
Stlth  +.........               (no ring)
                                (no ring)

@: lethally poisoned (-5 -> -10), not resistant to hostile enchantments, very
unstealthy
A: unfitting armour, claws 3, fast metabolism 3, gourmand, regeneration 2,
shaggy fur 1, tough skin 2
a: no special abilities


You were on level 5 of the Dungeon.
You were full.

You visited 1 branch of the dungeon, and saw 5 of its levels.

You collected 103 gold pieces.

Inventory:

Armour
 a - a +0 robe (worn)
 b - a +0 shield (worn)
Jewellery
 i - an amulet of harm (around neck)
Scrolls
 g - a scroll of remove curse
Potions
 c - 2 potions of cure mutation {unknown}
 e - a potion of lignification {unknown}
 f - a potion of resistance
 h - a potion of invisibility
Comestibles
 d - 2 bread rations


   Skills:
 - Level 2.4 Fighting
 - Level 2.4 Dodging
 - Level 2.4 Shields
 * Level 5.2 Unarmed Combat


You had 4 spell levels left.
You didn't know any spells.

Dungeon Overview and Level Annotations

Branches:
Dungeon (5/15)
 Temple: D:4-7

Altars:
Fedhas
Hepliaklqana


Innate Abilities, Weirdness & Mutations

You are too large for most types of armour.
You have claws for hands.
Your metabolism is lightning-fast.
You like to eat raw meat.
You heal very quickly.
You are covered in fur. (AC +1)
You have very tough skin. (AC +2)


Message History

The water moccasin bites you!
* * * LOW HITPOINT WARNING * * *
You are poisoned.
The water moccasin poisons you!
The crimson imp blinks!
You scratch the water moccasin but do no damage.
The water moccasin is moderately wounded.
You feel sick. The water moccasin closely misses you.
The water moccasin bites you but does no damage.
Unknown command.
Okay, then.
You closely miss the water moccasin.
The water moccasin is moderately wounded.
You feel sick. The water moccasin bites you.
* * * LOW HITPOINT WARNING * * *
You are more poisoned.
The water moccasin poisons you!
You barely miss the water moccasin.
The water moccasin is moderately wounded.
You feel sick. You block the water moccasin's attack.
The crimson imp blinks!
You barely miss the water moccasin.
The water moccasin is moderately wounded.
You feel sick. You block the water moccasin's attack.
The water moccasin barely misses you.
You barely miss the water moccasin.
The water moccasin is moderately wounded.
You feel sick. You block the water moccasin's attack.
You closely miss the water moccasin.
The water moccasin is moderately wounded.
You feel sick. The water moccasin barely misses you.
You block the crimson imp's attack.
You barely miss the water moccasin.
The water moccasin is moderately wounded.
You feel sick. The water moccasin bites you.
* * * LOW HITPOINT WARNING * * *
You block the water moccasin's attack. You block the crimson imp's attack.
You barely miss the water moccasin.
The water moccasin is moderately wounded.
* * * LOW HITPOINT WARNING * * *
You feel sick. The water moccasin bites you!
You die...

## #.?.......
...###.........
....#.........
....#........ #
.........#..#
#......##..#. ##
#...........
.#...##.5......#
.8.....S@..###.# #
........#...##.### .#
...<.8.####..#...###.#
...[... ##.........##
.8.....# ##.........##
........# ##..........
..###....# #......###.
.. #.....# #..........
....###..........


You could see a water moccasin and a crimson imp.

Vanquished Creatures
  Blork the orc (D:5)
  An orc priest (D:4)
  An adder skeleton (D:5)
  A dart slug (D:1)
  A giant gecko (D:3)
  6 orcs
  3 giant cockroaches
  2 goblins
  A hobgoblin (D:3)
  6 jackals
  A kobold (D:3)
  A bat (D:1)
  2 giant newts
  A rat (D:3)
28 creatures vanquished.

Notes
Turn   | Place    | Note
--------------------------------------------------------------
     0 | D:1      | Implojin the Troll Fighter began the quest for the Orb.
     0 | D:1      | Reached XP level 1. HP: 22/22 MP: 0/0
    82 | D:1      | Reached XP level 2. HP: 29/29 MP: 1/1
   133 | D:2      | Reached skill level 3 in Unarmed Combat
   274 | D:3      | Found a faded altar of an unknown god.
   326 | D:4      | Reached skill level 4 in Unarmed Combat
   326 | D:4      | Reached XP level 3. HP: 21/36 MP: 2/2
   354 | D:5      | Entered Level 5 of the Dungeon
   416 | D:5      | Noticed Blork the orc
   424 | D:5      | Killed Blork the orc
   424 | D:5      | Reached skill level 5 in Unarmed Combat
   424 | D:5      | Reached XP level 4. HP: 44/44 MP: 3/3
   458 | D:5      | Found a hazy altar of Hepliaklqana.
   459 | D:5      | Found a blossoming altar of Fedhas.
   469 | D:5      | Reached XP level 5. HP: 47/50 MP: 4/4
   503 | D:5      | Noticed a water moccasin
   522 | D:5      | Slain by a water moccasin

Vault maps used:
D:1:      ncdulo_watergridlock
D:2:      minmay_fountain_box
D:3:      ecumenical_altar_1, minmay_stone_trees_small, minmay_misc_feat_doors,
          okawaru_altar_gauntlet_db
D:4:      johnstein_pakellas_dig, uniq_robin
D:5:      elyvilon_altar_5, gammafunk_temple_overflow_pools, first_bread,
          grunt_ministairs_1, uniq_blork_the_orc

Skill      XL: |  1  2  3 |
---------------+----------+-----
Unarmed Combat | 4 5 |  5.2
Fighting       | |  2.4
Dodging        | |  2.4
Shields        | |  2.4

Action                   |  1- 3 |  4- 6 || total
-------------------------+-------+-------++-------
Melee: Unarmed           |    64 |    24 ||    88
  Use: Scroll            |     4 |       ||     4
       Potion            |     1 |       ||     1
 Stab: Sleeping          |     1 |       ||     1
  Eat: Chunk             |     7 |       ||     7
Armor: Robe              |    25 |     2 ||    27
Dodge: Dodged            |    23 |     9 ||    32
Block: Shield            |    36 |    19 ||    55

Table legend:
 A = Turns spent in this place as a percentage of turns spent in the entire game.
 B = Non-inter-level travel turns spent in this place as a percentage of non-inter-level travel turns spent in the entire game.
 C = Inter-level travel turns spent in this place as a percentage of turns spent in this place.
 D = Turns resting spent in this place as a percentage of non-inter-level travel turns spent in this place.
 E = Turns spent auto-exploring this place as a percentage of non-inter-level travel turns spent in this place.
 F = Non-inter-level travel turns spent in this place divided by the number of levels of this place that you've seen.
                   A       B       C       D       E      F
               +-------+-------+-------+-------+-------+----------------------
         Total | 100.0 | 100.0 |   0.0 |   0.0 |   0.0 | 102.2
       Dungeon | 100.0 | 100.0 |   0.0 |   0.0 |   0.0 | 102.2
               +-------+-------+-------+-------+-------+----------------------

Table legend:
 A = Kills in this place as a percentage of kills in entire the game.
 B = Kills by you in this place as a percentage of kills by you in the entire game.
 C = Kills by friends in this place as a percentage of kills by friends in the entire game.
 D = Other kills in this place as a percentage of other kills in the entire game.
 E = Experience gained in this place as a percentage of experience gained in the entire game.
 F = Experience gained in this place divided by the number of levels of this place that you have seen.
                   A       B       C       D       E      F
               +-------+-------+-------+-------+-------+----------------------
         Total | 100.0 | 100.0 |  -nan |  -nan | 100.0 |  39.2
       Dungeon | 100.0 | 100.0 |  -nan |  -nan | 100.0 |  39.2
               +-------+-------+-------+-------+-------+----------------------
